 Dungeon Crawl Stone Soup version 0.26.1-11-gd32895ea62 (webtiles) character file.

Game seed: 11544615591035123747

53 tizbic2 the Digger (level 3, -6/27 HPs)
             Began as a Demigod Earth Elementalist on June 29, 2021.
             Mangled by a goblin
             ... wielding a +2 dagger of electrocution
              (16 damage)
             ... on level 3 of the Dungeon.
             The game lasted 00:10:48 (1972 turns).

tizbic2 the Digger (Demigod Earth Elementalist)     Turns: 1972, Time: 00:10:49

Health: -6/27      AC:  6    Str: 13    XL:     3   Next: 42%
Magic:  0/8        EV: 11    Int: 19    God:
Gold:   109        SH:  0    Dex: 16    Spells: 3/6 levels left

rFire    . . .     SeeInvis .   e - +0 dagger
rCold    . . .     Faith    .   (no shield)
rNeg     . . .     Spirit   +   s - +0 ring mail
rPois    .         Reflect  .   (no helmet)
rElec    .         Harm     .   (no cloak)
rCorr    .         Rampage  .   m - +0 pair of gloves
Will     .....                  (no boots)
Stlth    +.........             i - amulet of guardian spirit
HPRegen  0.09/turn              o - ring of flight
MPRegen  0.11/turn              (no ring)

@: no status effects
A: high mp 1
a: Evoke Flight


You were on level 3 of the Dungeon.
You visited 1 branch of the dungeon, and saw 3 of its levels.

You collected 109 gold pieces.

Inventory:

Hand Weapons
 e - a +0 dagger (weapon)
Missiles
 b - 211 stones
 f - 37 poisoned darts (quivered)
 q - 7 atropa-tipped darts
Armour
 m - a +0 pair of gloves (worn)
 s - a +0 ring mail (worn)
Jewellery
 i - an amulet of guardian spirit (around neck)
 o - a ring of flight (left hand)
Scrolls
 c - a scroll of enchant armour {unknown}
 g - a scroll of fear
 h - 3 scrolls of identify
 k - a scroll of amnesia
 t - a scroll of remove curse
Potions
 a - 2 potions of lignification {unknown}
 d - a potion of heal wounds
 j - 3 potions of brilliance {unknown}
 l - a potion of attraction {unknown}
 n - a potion of curing {unknown}
 p - a potion of invisibility {unknown}
 r - a potion of berserk rage {unknown}


   Skills:
 * Level 0.4 Fighting
 + Level 1.2 Short Blades
 * Level 1.8 Armour
 - Level 1.7 Dodging
 - Level 1.7 Stealth
 + Level 2.0 Spellcasting
 + Level 0.8 Transmutations
 + Level 3.0 Earth Magic


You had 3 spell levels left.
You knew the following spells:

 Your Spells              Type           Power        Failure   Level
a - Sandblast             Erth           26%          11%         1
b - Passwall              Tmut/Erth      7%           24%         2

Your spell library contained the following spells:

 Spells                   Type           Power        Failure   Level
 Stone Arrow              Conj/Erth      14%          50%         3
 Petrify                  Tmut/Erth      9%           85%         4
 Lee's Rapid Deconstruct  Erth           6%           96%         5


Dungeon Overview and Level Annotations

Branches:
Dungeon (3/15)


Innate Abilities, Weirdness & Mutations

You have an increased reservoir of magic. (+10% MP)


Message History

The orc throws a boomerang.
The boomerang barely misses you.
The weapon returns to the orc!
The orc wizard casts a cantrip, but nothing happens.
Throw: 39 darts (poison)
Press: ? - help, Q - select action, (/) - cycle Shift-Dir - straight line, f - orc wizard
Aim: an orc wizard, wielding a +0 dagger and wearing a +0 robe (51% to hit)
You throw a poisoned dart.
The poisoned dart barely misses the goblin.
The poisoned dart barely misses the orc wizard.
Throw: 38 darts (poison)
Press: ? - help, Q - select action, (/) - cycle Shift-Dir - straight line, f/p - orc wizard
Aim: an orc wizard, wielding a +0 dagger and wearing a +0 robe (51% to hit)
You throw a poisoned dart.
The poisoned dart closely misses the goblin.
The poisoned dart hits the orc wizard.
The goblin hits you but does no damage.
You are electrocuted!!
Ouch! That really hurt!
The goblin hits you but does no damage.
You are electrocuted!!
Ouch! That really hurt!
You die...

#...........#
#...........#
#......)....# ..#
##########...........###
..#
#............>).........
..+
##.#.................###
..# #.#.#####...........#
..# #.#.# ##...........#
..#. #.#.#
#<......@o...########o...
#.#.#
#.......g...(..(.........
#.#.#
#..รท............#####....
#.#.# #...............#
....
#.#.####......###......#
....
#.#.........).###......#
....
#.######............<..#
....
#.#######..............#
....
#......................#
....


You could see an orc wizard and a goblin.

Vanquished Creatures
  2 adders
  2 leopard geckos (D:2)
  A ball python (D:2)
  2 giant cockroaches
  5 goblins
  3 hobgoblins
  4 jackals (D:2)
  3 bats (D:2)
  A frilled lizard (D:1)
  4 kobolds
  4 rats
31 creatures vanquished.

Notes
Turn   | Place    | Note
-------+----------+-------------------------------------------
     0 | D:1      | tizbic2 the Demigod Earth Elementalist began the quest for
                  | the Orb.
     0 | D:1      | Reached XP level 1. HP: 14/14 MP: 5/5
   990 | D:2      | Reached XP level 2. HP: 19/20 MP: 4/7
  1185 | D:2      | Reached skill level 3 in Earth Magic
  1306 | D:2      | Reached skill level 1 in Short Blades
  1368 | D:2      | Reached skill level 1 in Armour
  1392 | D:2      | Reached XP level 3. HP: 26/26 MP: 2/8
  1494 | D:2      | Found an ancient bone altar of Kikubaaqudgha.
  1790 | D:3      | Learned a level 2 spell: Passwall
  1972 | D:3      | Mangled by a goblin

Illustrated notes

Levels and vault maps discovered:
D:1:      giann_horns, layout_basic, minmay_domino_2
D:2:      layout_loops_ring, lemuel_round_altar, minmay_between
D:3:      layout_basic

Skill      XL: |  1  2 |
---------------+-------+-----
Spellcasting   | 2 |  2.0
Earth Magic    | 3 |  3.0
Short Blades   | 1 |  1.2
Armour         | 1 |  1.8
Fighting       | |  0.4
Dodging        | |  1.7
Stealth        | |  1.7
Transmutations | |  0.8

Action                   || total
-------------------------++-------
Melee: Dagger            ||   191
       Unarmed           ||     9
Throw: Dart              ||    14
 Cast: Sandblast         ||     2
       Passwall          ||     1
  Use: Scroll            ||     5
       Potion            ||     2
Armor: Chain mail        ||   154
       Ring mail         ||     4
Dodge: Dodged            ||    83
